Map: Oceanborn LE

Players

Notairo - Winner!

  • Race: Zerg Zerg
  • Spawn Location: 11:00

VOD

Have the link to the VOD?

Description

Time

  • Played on: May 9, 2024, 5:34 p.m.
  • Length: 5:49
Show
View Real Time Build Order
Export as new Build Order

Notairo Zerg - Winner!

Build Orders:  

Get SALT Encoding   

  12  0:03  Drone  
  13  0:16  Drone  
  14  0:21  Extractor  
  13  0:47  Spawning Pool  
  12  0:55  Drone  
  12  0:59  Drone  
  14  1:17  Overlord  
  14  1:44  Drone  
  14  1:45  Drone x2  
  17  1:56  Queen  
  19  2:12  Zergling x2  
  20  2:28  Hatchery  
  19  2:31  Zergling x2  
  20  2:45  Zergling x2  
  21  3:13  Overlord  
  21  3:16  Overlord  
  21  3:22  Zergling x2  
  22  3:30  Metabolic Boost  
  22  3:38  Zergling x2, Queen  
  22  3:39  Zergling x4  
  27  3:55  Zergling x2  
  28  4:11  Zergling x4  
  30  4:20  Zergling x6  
  30  4:25  Zergling x2  
  34  4:37  Overlord  
  34  4:42  Zergling x2  
  35  4:52  Zergling x2  
  35  4:57  Zergling x2  
  34  5:02  Zergling x4  
  34  5:03  Zergling x2  
  34  5:14  Zergling x2  
  34  5:15  Zergling x8  
  38  5:25  Zergling x2  
Tags
 
Add a new tag
Caveats
  • Supply blocks, unpowered buildings, or Contaminate may cause inaccurate times.
  • Supply counts are checked every 10 seconds.